TOP OF THE 1ST |
Nassau Rockets batting - Pitching for Baffin Island Beavers : RHP Jesse Little
|
Pitching: RHP Jesse Little
|
|
Batting: SHB Howard Parker
|
0-0: Called Strike 0-1: Ball 1-1: Fly out, F9 (Line Drive, 9LS)
|
Batting: LHB Andrew Alvarado
|
0-0: Ball 1-0: SINGLE (Line Drive, 78M)
|
Batting: LHB Bob Martin
|
0-0: Fly out, F6 (Popup, 6)
|
Batting: LHB Doug Thompson
|
0-0: Swinging Strike 0-1: Ball 1-1: SINGLE (Line Drive, 56D) Andrew Alvarado to second
|
Batting: LHB Don Ramey
|
0-0: Ball 1-0: SINGLE (Groundball, 34S) (infield hit) Andrew Alvarado to third Doug Thompson to second
|
Batting: LHB Wilson Allen
|
0-0: Called Strike 0-1: Ball 1-1: Ground out U3 (Groundball, 3)
|
Top of the 1st over - 0 run(s), 3 hit(s), 0 error(s), 3 left on base; Nassau 0 - Baffin Island 0 |
BOTTOM OF THE 1ST |
Baffin Island Beavers batting - Pitching for Nassau Rockets : RHP Tomás Molina
|
Pitching: RHP Tomás Molina
|
|
Batting: LHB Chris Bates
|
0-0: Swinging Strike 0-1: Swinging Strike 0-2: Foul Ball, location: 2F 0-2: Foul Ball, location: 2F 0-2: Ball 1-2: Ball 2-2: Fly out, F4 (Popup, 4D)
|
Batting: LHB Keng-chi Lao
|
0-0: Called Strike 0-1: Ball 1-1: Swinging Strike 1-2: Foul Ball, location: 2F 1-2: Ground out 4-3 (Groundball, 4M)
|
Batting: LHB Lorenzo Villa
|
0-0: Called Strike 0-1: Fly out, F4 (Flyball, 4MD)
|
Bottom of the 1st over - 0 run(s), 0 hit(s), 0 error(s), 0 left on base; Nassau 0 - Baffin Island 0 |
TOP OF THE 2ND |
Nassau Rockets batting - Pitching for Baffin Island Beavers : RHP Jesse Little
|
Batting: RHB Yaichiro Sugahara
|
0-0: Ball 1-0: Fly out, F8 (Flyball, 8LM)
|
Batting: RHB Salvador Borbón
|
0-0: Ball 1-0: Ball 2-0: Ball 3-0: Called Strike 3-1: Called Strike 3-2: Foul Ball, location: 2F 3-2: Base on Balls
|
Batting: RHB Pete Harvey
|
0-0: Called Strike 0-1: Foul Ball, location: 2F 0-2: Strikes out swinging
|
Batting: SHB Howard Parker
|
0-0: Ball 1-0: Swinging Strike 1-1: Ground out U3 (Groundball, 3)
|
Top of the 2nd over - 0 run(s), 0 hit(s), 0 error(s), 1 left on base; Nassau 0 - Baffin Island 0 |
BOTTOM OF THE 2ND |
Baffin Island Beavers batting - Pitching for Nassau Rockets : RHP Tomás Molina
|
Batting: RHB Tony Morton
|
0-0: Ball 1-0: Ball 2-0: Fly out, F9 (Flyball, 89M)
|
Batting: RHB Dave Craig
|
0-0: Ball 1-0: Swinging Strike 1-1: Swinging Strike 1-2: Foul Ball, location: 2F 1-2: Ball 2-2: Foul Ball, location: 2F 2-2: Foul Ball, location: 2F 2-2: Strikes out swinging
|
Batting: LHB Norberto Muñóz
|
0-0: Ball 1-0: Called Strike 1-1: DOUBLE (Line Drive, 9LM)
|
Batting: LHB Mike MacFadden
|
0-0: Ball 1-0: Fly out, F9 (Flyball, 9S)
|
Bottom of the 2nd over - 0 run(s), 1 hit(s), 0 error(s), 1 left on base; Nassau 0 - Baffin Island 0 |
TOP OF THE 3RD |
Nassau Rockets batting - Pitching for Baffin Island Beavers : RHP Jesse Little
|
Batting: LHB Andrew Alvarado
|
0-0: Ball 1-0: Swinging Strike 1-1: Ball 2-1: Called Strike 2-2: Foul Ball, location: 2F 2-2: Strikes out swinging
|
Batting: LHB Bob Martin
|
0-0: Foul Ball, location: 2F 0-1: Foul Ball, location: 2F 0-2: Ball 1-2: Ball 2-2: Foul Ball, location: 2F 2-2: Ball 3-2: Strikes out swinging
|
Batting: LHB Doug Thompson
|
0-0: Ground out U3 (Groundball, 34)
|
Top of the 3rd over - 0 run(s), 0 hit(s), 0 error(s), 0 left on base; Nassau 0 - Baffin Island 0 |
BOTTOM OF THE 3RD |
Baffin Island Beavers batting - Pitching for Nassau Rockets : RHP Tomás Molina
|
Batting: LHB Howard Evans
|
0-0: Foul Ball, location: 2F 0-1: Ground out 4-3 (Groundball, 34)
|
Batting: RHB Raúl Soto
|
0-0: Ball 1-0: SINGLE (Line Drive, 56)
|
Batting: LHB Chris Bates
|
0-0: Called Strike 0-1: Foul Ball, location: 2F 0-2: Ball 1-2: Foul Ball, location: 2F 1-2: Hit by Pitch Raúl Soto to second
|
Batting: LHB Keng-chi Lao
|
0-0: Ball 1-0: Ball 2-0: Swinging Strike 2-1: Fly out, F4 (Flyball, 4D)
|
Batting: LHB Lorenzo Villa
|
0-0: Ball 1-0: Ball 2-0: Ball 3-0: Called Strike 3-1: Base on Balls Raúl Soto to third Chris Bates to second
|
Batting: RHB Tony Morton
|
0-0: DOUBLE (Groundball, 5L) Raúl Soto scores Chris Bates scores Lorenzo Villa to third
|
Batting: RHB Dave Craig
|
0-0: Ball 1-0: Ball 2-0: Called Strike 2-1: Ball 3-1: Base on Balls
|
Batting: LHB Norberto Muñóz
|
0-0: Ball 1-0: Swinging Strike 1-1: Ground out 4-3 (Groundball, 4MD)
|
Bottom of the 3rd over - 2 run(s), 2 hit(s), 0 error(s), 3 left on base; Nassau 0 - Baffin Island 2 |
TOP OF THE 4TH |
Nassau Rockets batting - Pitching for Baffin Island Beavers : RHP Jesse Little
|
Batting: LHB Don Ramey
|
0-0: Ball 1-0: Ground out 6-3 (Groundball, 6)
|
Batting: LHB Wilson Allen
|
0-0: Called Strike 0-1: SOLO HOME RUN (Flyball, 78XD), Distance : 464 ft
|
Batting: RHB Yaichiro Sugahara
|
0-0: Called Strike 0-1: Ball 1-1: SOLO HOME RUN (Flyball, 7D), Distance : 434 ft
|
Batting: RHB Salvador Borbón
|
0-0: Ball 1-0: Called Strike 1-1: Ball 2-1: Ball 3-1: Base on Balls
|
Batting: RHB Pete Harvey
|
0-0: Swinging Strike 0-1: Foul Ball, location: 2F 0-2: Foul Ball, location: 2F 0-2: Ball 1-2: Ball 2-2: Foul Ball, location: 2F 2-2: Strikes out swinging
|
Batting: SHB Howard Parker
|
0-0: SINGLE (Groundball, 34D) Salvador Borbón to second Runner from 2nd tries for 3rd, SAFE, throw made to third
|
Batting: LHB Andrew Alvarado
|
0-0: Ball Howard Parker steals 2nd base 1-0: Ball 2-0: Ground out 5-3 (Groundball, 56S)
|
Top of the 4th over - 2 run(s), 3 hit(s), 0 error(s), 2 left on base; Nassau 2 - Baffin Island 2 |
BOTTOM OF THE 4TH |
Baffin Island Beavers batting - Pitching for Nassau Rockets : RHP Tomás Molina
|
Batting: LHB Mike MacFadden
|
0-0: Called Strike 0-1: SINGLE (Line Drive, 7S)
|
Batting: LHB Howard Evans
|
0-0: Foul Ball, location: 2F 0-1: Foul Ball, location: 2F 0-2: Foul Ball, location: 2F 0-2: Ball 1-2: Ball 2-2: Ball 3-2: Fly out, F5 (Popup, 56)
|
Batting: RHB Raúl Soto
|
0-0: Ball 1-0: Swinging Strike 1-1: Ball 2-1: Foul Ball, location: 2F 2-2: Foul Ball, location: 2F 2-2: Foul Ball, location: 2F 2-2: Ball 3-2: Strikes out swinging
|
Batting: LHB Chris Bates
|
0-0: Ball 1-0: Swinging Strike 1-1: Ball 2-1: Ball 3-1: Base on Balls Mike MacFadden to second
|
Batting: LHB Keng-chi Lao
|
0-0: Foul Ball, location: 2F 0-1: Ground out U3 (Groundball, 34)
|
Bottom of the 4th over - 0 run(s), 1 hit(s), 0 error(s), 2 left on base; Nassau 2 - Baffin Island 2 |
TOP OF THE 5TH |
Nassau Rockets batting - Pitching for Baffin Island Beavers : RHP Jesse Little
|
Batting: LHB Bob Martin
|
0-0: Ball 1-0: Ground out 6-3 (Groundball, 6)
|
Batting: LHB Doug Thompson
|
0-0: SINGLE (Groundball, 34D)
|
Batting: LHB Don Ramey
|
0-0: Fielders Choice at 2nd, 4-6 (Groundball, 4)
|
Batting: LHB Wilson Allen
|
0-0: Ball 1-0: Ball 2-0: SINGLE (Groundball, 34D) Don Ramey to second Runner from 2nd tries for 3rd, SAFE, no throw
|
Batting: RHB Yaichiro Sugahara
|
0-0: Foul Ball, location: 2F 0-1: Called Strike 0-2: Strikes out swinging
|
Top of the 5th over - 0 run(s), 2 hit(s), 0 error(s), 2 left on base; Nassau 2 - Baffin Island 2 |
BOTTOM OF THE 5TH |
Baffin Island Beavers batting - Pitching for Nassau Rockets : RHP Tomás Molina
|
Batting: LHB Lorenzo Villa
|
0-0: Ball 1-0: Swinging Strike 1-1: Ball 2-1: Swinging Strike 2-2: Foul Ball, location: 2F 2-2: Ball 3-2: Base on Balls
|
Batting: RHB Tony Morton
|
0-0: Ball 1-0: Called Strike 1-1: Fly out, F7 (Flyball, 7D)
|
Batting: RHB Dave Craig
|
0-0: Ball 1-0: Fly out, F7 (Flyball, 7)
|
Batting: LHB Norberto Muñóz
|
0-0: Ball 1-0: Foul Ball, location: 2F 1-1: Ball 2-1: Swinging Strike 2-2: Ball 3-2: Fly out, F4 (Popup, 4MD)
|
Bottom of the 5th over - 0 run(s), 0 hit(s), 0 error(s), 1 left on base; Nassau 2 - Baffin Island 2 |
TOP OF THE 6TH |
Nassau Rockets batting - Pitching for Baffin Island Beavers : RHP Jesse Little
|
Batting: RHB Salvador Borbón
|
0-0: Ball 1-0: Ball 2-0: Ball 3-0: Called Strike 3-1: Foul Ball, location: 2F 3-2: Strikes out swinging
|
Batting: RHB Pete Harvey
|
0-0: Ball 1-0: Swinging Strike 1-1: Called Strike 1-2: Ball 2-2: Foul Ball, location: 2F 2-2: Strikes out swinging
|
Batting: SHB Howard Parker
|
0-0: Foul Ball, location: 2F 0-1: Ball 1-1: Called Strike 1-2: Strikes out swinging
|
Top of the 6th over - 0 run(s), 0 hit(s), 0 error(s), 0 left on base; Nassau 2 - Baffin Island 2 |
BOTTOM OF THE 6TH |
Baffin Island Beavers batting - Pitching for Nassau Rockets : RHP Tomás Molina
|
Pitching: RHP José García
|
|
Batting: LHB Mike MacFadden
|
0-0: Called Strike 0-1: Foul Ball, location: 2F 0-2: Foul Ball, location: 2F 0-2: Ground out U3 (Groundball, 3L)
|
Batting: LHB Howard Evans
|
0-0: Ball 1-0: Called Strike 1-1: Foul Ball, location: 2F 1-2: Foul Ball, location: 2F 1-2: Strikes out swinging
|
Batting: RHB Raúl Soto
|
0-0: Ball 1-0: Called Strike 1-1: Fly out, F7 (Flyball, 7LM)
|
Bottom of the 6th over - 0 run(s), 0 hit(s), 0 error(s), 0 left on base; Nassau 2 - Baffin Island 2 |
TOP OF THE 7TH |
Nassau Rockets batting - Pitching for Baffin Island Beavers : RHP Jesse Little
|
Pitching: RHP Luis Féliz
|
|
Batting: LHB Andrew Alvarado
|
0-0: Ball 1-0: Foul Ball, location: 2F 1-1: Swinging Strike 1-2: Ball 2-2: Ground out U3 (Groundball, 3)
|
Batting: LHB Bob Martin
|
0-0: Ball 1-0: Ball 2-0: Called Strike 2-1: Foul Ball, location: 2F 2-2: Ball 3-2: Foul Ball, location: 2F 3-2: SOLO HOME RUN (Flyball, 89XD), Distance : 472 ft
|
Batting: LHB Doug Thompson
|
0-0: Fly out, F8 (Line Drive, 8LS)
|
Batting: LHB Don Ramey
|
0-0: Ground out 1-3 (Groundball, 15S)
|
Top of the 7th over - 1 run(s), 1 hit(s), 0 error(s), 0 left on base; Nassau 3 - Baffin Island 2 |
BOTTOM OF THE 7TH |
Baffin Island Beavers batting - Pitching for Nassau Rockets : RHP José García
|
Pitching: LHP Kai-ge Hui
|
|
Batting: LHB Chris Bates
|
0-0: Ball 1-0: Foul Ball, location: 2F 1-1: SINGLE (Groundball, 34) (infield hit)
|
Batting: LHB Keng-chi Lao
|
0-0: Bunted foul 0-1: Sac Bunt - play at first, batter safe! Chris Bates to second
|
Pitching: RHP Roberto Reyes
|
|
Batting: LHB Lorenzo Villa
|
0-0: Ball 1-0: DOUBLE (Groundball, 3L) Chris Bates scores Keng-chi Lao to third
|
Batting: RHB Tony Morton
|
0-0: Ball 1-0: Foul Ball, location: 2F 1-1: Foul Ball, location: 2F 1-2: Strikes out swinging
|
Batting: RHB Dave Craig
|
0-0: Ball 1-0: Foul Ball, location: 2F 1-1: Called Strike 1-2: Fly out, F6 (Line Drive, 6) Lined into DP, 6-4 (Line Drive, 6)
|
Bottom of the 7th over - 1 run(s), 3 hit(s), 0 error(s), 1 left on base; Nassau 3 - Baffin Island 3 |
TOP OF THE 8TH |
Nassau Rockets batting - Pitching for Baffin Island Beavers : RHP Luis Féliz
|
Batting: LHB Wilson Allen
|
0-0: Ball 1-0: Fly out, F7 (Line Drive, 7)
|
Batting: RHB Yaichiro Sugahara
|
0-0: Swinging Strike 0-1: Foul Ball, location: 2F 0-2: Strikes out swinging
|
Pinch Hitting: SHB Edgardo Osorio
|
0-0: Called Strike 0-1: Swinging Strike 0-2: Ball 1-2: Ball 2-2: Strikes out swinging
|
Top of the 8th over - 0 run(s), 0 hit(s), 0 error(s), 0 left on base; Nassau 3 - Baffin Island 3 |
BOTTOM OF THE 8TH |
Baffin Island Beavers batting - Pitching for Nassau Rockets : RHP Roberto Reyes
|
Now in CF: Edgardo Osorio
|
|
Batting: LHB Norberto Muñóz
|
0-0: Called Strike 0-1: Swinging Strike 0-2: Ball 1-2: Ground out U3 (Groundball, 3)
|
Batting: LHB Mike MacFadden
|
0-0: Foul Ball, location: 2F 0-1: Fly out, F8 (Flyball, 8LS)
|
Batting: LHB Howard Evans
|
0-0: Ball 1-0: Swinging Strike 1-1: Foul Ball, location: 2F 1-2: Fly out, F4 (Popup, 34D)
|
Bottom of the 8th over - 0 run(s), 0 hit(s), 0 error(s), 0 left on base; Nassau 3 - Baffin Island 3 |
TOP OF THE 9TH |
Nassau Rockets batting - Pitching for Baffin Island Beavers : RHP Luis Féliz
|
Pitching: LHP Cecil Bonekamp
|
|
Batting: RHB Pete Harvey
|
0-0: Called Strike 0-1: Ground out 6-3 (Groundball, 6)
|
Pinch Hitting: RHB Junior Vargas
|
0-0: Ball 1-0: Foul Ball, location: 2F 1-1: Ball 2-1: Foul Ball, location: 2F 2-2: Ball 3-2: Foul Ball, location: 2F 3-2: Strikes out swinging
|
Batting: LHB Andrew Alvarado
|
0-0: Called Strike 0-1: Fly out, F3 (Line Drive, 3)
|
Top of the 9th over - 0 run(s), 0 hit(s), 0 error(s), 0 left on base; Nassau 3 - Baffin Island 3 |
BOTTOM OF THE 9TH |
Baffin Island Beavers batting - Pitching for Nassau Rockets : RHP Roberto Reyes
|
Now at 3B: Junior Vargas
|
|
Batting: RHB Raúl Soto
|
0-0: Ball 1-0: Swinging Strike 1-1: SINGLE (Line Drive, 8LS)
|
Batting: LHB Chris Bates
|
0-0: Called Strike 0-1: Ball 1-1: Swinging Strike 1-2: Strikes out swinging
|
Batting: LHB Keng-chi Lao
|
0-0: Ball 1-0: Ball 2-0: Foul Ball, location: 2F 2-1: Foul Ball, location: 2F 2-2: Grounds into double play, 4-6-3 (Groundball, 4)
|
Bottom of the 9th over - 0 run(s), 1 hit(s), 0 error(s), 0 left on base; Nassau 3 - Baffin Island 3 |
TOP OF THE 10TH |
Nassau Rockets batting - Pitching for Baffin Island Beavers : LHP Cecil Bonekamp
|
Batting: LHB Bob Martin
|
0-0: Ball 1-0: Called Strike 1-1: Ball 2-1: Swinging Strike 2-2: Strikes out swinging
|
Batting: LHB Doug Thompson
|
0-0: Called Strike 0-1: Ground out U3 (Groundball, 3L)
|
Batting: LHB Don Ramey
|
0-0: Called Strike 0-1: Fly out, F4 (Popup, 4D)
|
Top of the 10th over - 0 run(s), 0 hit(s), 0 error(s), 0 left on base; Nassau 3 - Baffin Island 3 |
BOTTOM OF THE 10TH |
Baffin Island Beavers batting - Pitching for Nassau Rockets : RHP Roberto Reyes
|
Batting: LHB Lorenzo Villa
|
0-0: Ball 1-0: Foul Ball, location: 2F 1-1: Called Strike 1-2: Ball 2-2: Ground out 4-3 (Groundball, 4S)
|
Batting: RHB Tony Morton
|
0-0: Ball 1-0: Ball 2-0: Called Strike 2-1: DOUBLE (Flyball, 78M)
|
Batting: RHB Dave Craig
|
0-0: Foul Ball, location: 2F 0-1: Swinging Strike 0-2: Ball 1-2: Foul Ball, location: 2F 1-2: Fly out, F8 (Flyball, 8LM)
|
Batting: LHB Norberto Muñóz
|
0-0: Called Strike 0-1: Foul Ball, location: 2F 0-2: Ball 1-2: Ball 2-2: Fly out, F6 (Popup, 6D)
|
Bottom of the 10th over - 0 run(s), 1 hit(s), 0 error(s), 1 left on base; Nassau 3 - Baffin Island 3 |
TOP OF THE 11TH |
Nassau Rockets batting - Pitching for Baffin Island Beavers : LHP Cecil Bonekamp
|
Batting: LHB Wilson Allen
|
0-0: Ball 1-0: Fly out, F9 (Flyball, 9)
|
Batting: RHB Yaichiro Sugahara
|
0-0: Called Strike 0-1: Ball 1-1: Swinging Strike 1-2: Foul Ball, location: 2F 1-2: SINGLE (Line Drive, 78M)
|
Batting: SHB Edgardo Osorio
|
0-0: Ball 1-0: Foul Ball, location: 2F 1-1: Swinging Strike 1-2: Ball 2-2: Strikes out swinging
|
Batting: RHB Pete Harvey
|
0-0: Ball 1-0: Foul Ball, location: 2F 1-1: Swinging Strike 1-2: Fly out, F8 (Flyball, 8RD)
|
Top of the 11th over - 0 run(s), 1 hit(s), 0 error(s), 1 left on base; Nassau 3 - Baffin Island 3 |
BOTTOM OF THE 11TH |
Baffin Island Beavers batting - Pitching for Nassau Rockets : RHP Roberto Reyes
|
Pitching: RHP Juan Franco
|
|
Batting: LHB Mike MacFadden
|
0-0: Called Strike 0-1: Ball 1-1: Fly out, F8 (Flyball, 8RM)
|
Batting: LHB Howard Evans
|
0-0: Called Strike 0-1: Foul Ball, location: 2F 0-2: Ball 1-2: Strikes out swinging
|
Batting: RHB Raúl Soto
|
0-0: Ground out 5-3 (Groundball, 5S)
|
Bottom of the 11th over - 0 run(s), 0 hit(s), 0 error(s), 0 left on base; Nassau 3 - Baffin Island 3 |
TOP OF THE 12TH |
Nassau Rockets batting - Pitching for Baffin Island Beavers : LHP Cecil Bonekamp
|
Batting: RHB Junior Vargas
|
0-0: Ball 1-0: Swinging Strike 1-1: Ball 2-1: Ball 3-1: Foul Ball, location: 2F 3-2: Foul Ball, location: 2F 3-2: Foul Ball, location: 2F 3-2: Base on Balls
|
Batting: LHB Andrew Alvarado
|
0-0: Ball 1-0: Sac Bunt - play at first, batter OUT! 3-4 Junior Vargas to second
|
Batting: LHB Bob Martin
|
0-0: Ball Junior Vargas steals 3rd base 1-0: Swinging Strike 1-1: Fly out, F5 (Popup, 5S)
|
Batting: LHB Doug Thompson
|
0-0: Foul Ball, location: 2F 0-1: Called Strike 0-2: Ball 1-2: Ball 2-2: Ball 3-2: Strikes out swinging
|
Top of the 12th over - 0 run(s), 0 hit(s), 0 error(s), 1 left on base; Nassau 3 - Baffin Island 3 |
BOTTOM OF THE 12TH |
Baffin Island Beavers batting - Pitching for Nassau Rockets : RHP Juan Franco
|
Batting: LHB Chris Bates
|
0-0: Ball 1-0: Ball 2-0: Foul Ball, location: 2F 2-1: Ball 3-1: Called Strike 3-2: Base on Balls
|
Batting: LHB Keng-chi Lao
|
0-0: Ball 1-0: Bunted foul 1-1: Bunted foul 1-2: Foul Ball, location: 2F 1-2: Ground out 4-3 (Groundball, 34S) Chris Bates to second
|
Batting: LHB Lorenzo Villa
|
0-0: Swinging Strike 0-1: Ball 1-1: Called Strike 1-2: Strikes out swinging
|
Batting: RHB Tony Morton
|
0-0: Called Strike 0-1: Ball 1-1: Ball 2-1: Ball 3-1: Ground out 4-3 (Groundball, 4)
|
Bottom of the 12th over - 0 run(s), 0 hit(s), 0 error(s), 1 left on base; Nassau 3 - Baffin Island 3 |
TOP OF THE 13TH |
Nassau Rockets batting - Pitching for Baffin Island Beavers : LHP Cecil Bonekamp
|
Batting: LHB Don Ramey
|
0-0: Called Strike 0-1: Hit by Pitch
|
Batting: LHB Wilson Allen
|
0-0: Ball 1-0: Sac Bunt - play at first, batter OUT! 3-4 Don Ramey to second
|
Batting: RHB Yaichiro Sugahara
|
0-0: Intentional Walk
|
Pitching: RHP Colm Stewart
|
|
Batting: SHB Edgardo Osorio
|
0-0: Fly out, F9 (Line Drive, 9)
|
Batting: RHB Pete Harvey
|
0-0: Called Strike 0-1: Called Strike 0-2: Ball 1-2: Foul Ball, location: 2F 1-2: Ball 2-2: Fly out, F9 (Flyball, 9D)
|
Top of the 13th over - 0 run(s), 0 hit(s), 0 error(s), 2 left on base; Nassau 3 - Baffin Island 3 |
BOTTOM OF THE 13TH |
Baffin Island Beavers batting - Pitching for Nassau Rockets : RHP Juan Franco
|
Pitching: LHP Gianluigi Ciottone
|
|
Batting: RHB Dave Craig
|
0-0: Ball 1-0: Foul Ball, location: 2F 1-1: Foul Ball, location: 2F 1-2: Foul Ball, location: 2F 1-2: SINGLE (Flyball, 89S)
|
Batting: LHB Norberto Muñóz
|
0-0: Ball 1-0: Sac Bunt - play at second, runner OUT! 3-6
|
Pinch Hitting: RHB Mario López
|
0-0: Ball 1-0: 2-RUN HOME RUN (Flyball, 7D), Distance : 429 ft
|
Thursday, March 30th, 2017 - OOTP Baseball 17.12 Build 75
|
|